 Dungeon Crawl Stone Soup version 0.30-a0-777-ga9a30cbeda (webtiles) character file.

Game seed: 2975596643995876206

382 Flugslaktarn the Chopper (level 6, 0/43 HPs)
             Began as an Octopode Fighter on Feb 13, 2023.
             Slain by an acid dragon (3 damage)
             ... on level 5 of the Dungeon.
             The game lasted 00:02:16 (3281 turns).

Flugslaktarn the Chopper (Octopode Fighter)         Turns: 3281, Time: 00:02:17

Health: 0/43       AC: -3    Str: 15    XL:     6   Next: 76%
Magic:  0/6        EV: 14    Int: 10    God:
Gold:   177        SH:  5    Dex: 14    Spells: 5/5 levels left

rFire   . . .      SeeInvis .    a - +0 war axe
rCold   . . .      Faith    .    b - +0 buckler
rNeg    . . .      Spirit   +    (helmet restricted)
rPois   .          Reflect  .    p - amulet of guardian spirit
rElec   .          Harm     .    (no ring)
rCorr   .          Rampage  .    (no ring)
Will    .....                    (no ring)
Stlth   ++                       (no ring)
HPRegen 0.27/turn                (no ring)
MPRegen 0.10/turn                (no ring)
                                 (no ring)
                                 (no ring)

@: weak-willed, corroded
A: almost no armour, amphibious, 8 rings, camouflage 1, gelatinous body 1,
(nimble swimmer 1), tentacles
a: no special abilities


You were on level 5 of the Dungeon.
You visited 1 branch of the dungeon, and saw 5 of its levels.

You collected 361 gold pieces.
You spent 184 gold pieces at shops.

Inventory:

Hand Weapons
 a - a +0 war axe (weapon)
Armour
 b - a +0 buckler (worn)
Jewellery
 p - an amulet of guardian spirit (around mantle)
   (You found it on level 3 of the Dungeon)
Wands
 f - a wand of charming (10)
   (You found it on level 3 of the Dungeon)
Scrolls
 e - 7 scrolls of poison
 i - 2 scrolls of vulnerability
 l - a scroll of magic mapping
 m - a scroll of enchant armour
 o - a scroll of butterflies
 r - a scroll of identify
 t - a scroll of teleportation
Potions
 c - 4 potions of heal wounds {unknown}
 d - 3 potions of might
 g - a potion of ambrosia
 h - a potion of mutation {unknown}
 j - a potion of cancellation
 q - 3 potions of curing


   Skills:
 + Level 4.2 Fighting
 * Level 4.6 Axes
 + Level 4.1 Dodging
 + Level 4.1 Shields


You had 5 spell levels left.
You didn't know any spells.
Your spell library contained the following spells:

 Spells                   Type           Power      Damage    Failure   Level
 Ensorcelled Hibernation  Hex/Ice        0%         N/A       58%         2
 Passwall                 Tmut/Erth      0%         N/A       58%         2
 Dazzling Flash           Conj/Hex       0%         N/A       82%         3
 Swiftness                Air            0%         N/A       82%         3
 Agony                    Necr           0%         N/A       100%        5
 Blade Hands              Tmut           0%         N/A       100%        5
 Irradiate                Conj/Tmut      0%         3d11      100%        5
 Silence                  Hex/Air        0%         N/A       100%        5
 Dragon Form              Tmut           0%         N/A       100%        7


Dungeon Overview and Level Annotations

Branches:
Dungeon (5/15)
 Temple: D:4-7

Altars:
Cheibriados
Kikubaaqudgha
Nemelex Xobeh
Qazlal
Trog
Uskayaw
Xom
Zin

Shops:
D:1 (   D:3 ((*

Annotations:
D:4 2 transporters, jazmu's ghost, amateur DsHs


Innate Abilities, Weirdness & Mutations

You cannot wear most types of armour.
You are amphibious.
You can wear up to eight rings at the same time.
Your skin changes colour to match your surroundings (Stealth+).
Your rubbery body absorbs attacks. (AC +1, EV +1)
((You are camouflaged when in or above water. (Stealth+)))
You have tentacles for arms and can constrict up to eight enemies at once.


Message History

You feel sick.
You feel sick.
You feel sick.
You are no longer poisoned.
You see here a ball python corpse.
There is an escape hatch in the ceiling here.
Partly explored, unvisited transporter.
Partly explored, unvisited transporter.
Partly explored, unvisited transporter.
No target in view!
(D) Dungeon
Where to? (Enter - D:4, ? - help)
There is a stone staircase leading down here.
You climb downwards.
Found a potion of might.
There is a stone staircase leading up here.
Unknown command.
d - 3 potions of might (gained 1)
Found a stone staircase leading down.
A scorpion comes into view.
Found a whip.
The scorpion closely misses you.
You barely miss the scorpion. You grab the scorpion.
You constrict the scorpion, but do no damage.
The scorpion closely misses you.
You hit the scorpion but do no damage. Your squeeze misses the scorpion.
You constrict the scorpion, but do no damage.
The scorpion misses you. x2
You hit the scorpion but do no damage. You constrict the scorpion.
You block the scorpion's attack.
You hit the scorpion but do no damage. You squeeze the scorpion.
The scorpion is heavily wounded.
You constrict the scorpion, but do no damage.
The scorpion stings you. x2
You are poisoned.
The scorpion poisons you!
You slash the scorpion!
You kill the scorpion!
You feel very sick.
Your Dodging skill increases to level 4!
Your Shields skill increases to level 4!
You feel sick.
You feel sick.
You feel sick.
You feel sick.
You feel sick.
You feel sick.
You feel sick.
You feel sick.
You are no longer poisoned.
Magic restored.
HP restored.
Found 7 stones.
You see here a +0 whip.
An iguana comes into view.
An iguana is nearby! 2 scorpions come into view.
Found a scroll of poison. 2 acid dragons come into view.
Found four items.
You hit the scorpion. You grab the scorpion. You squeeze the scorpion.
The scorpion is heavily wounded.
You constrict the scorpion.
The acid dragon roars!
The scorpion misses you. x2
The acid dragon roars!
The iguana hisses angrily.
You hear a shout!
You hear an angry hiss.
You hit the scorpion.
You kill the scorpion!
You barely miss the acid dragon.
An iguana comes into view.
The acid dragon closely misses you. x2
An orc comes into view. It is wielding a +0 club.
A quokka comes into view.
The acid dragon completely misses you. The acid dragon claws you.
You closely miss the acid dragon. Your squeeze misses the acid dragon.
The acid dragon bites you. The acid dragon claws you.
You barely miss the acid dragon.
You squeeze the acid dragon, but do no damage.
You block the acid dragon's attack. x2
You closely miss the acid dragon. The acid dragon spits acid at you.
The splash of acid hits you!! The acid corrodes you!
A quokka comes into view.
The scorpion completely misses you. The acid dragon bites you!
* * * LOW HITPOINT WARNING * * *
The acid dragon claws you.
* * * LOW HITPOINT WARNING * * *
The iguana barely misses you.
You hear an angry hiss.
You hear a shout! x2
You are too injured to fight recklessly!
You are too injured to fight recklessly!
You are too injured to fight recklessly!
Unknown command.
Okay, then.
As you read the scroll labelled WUSIYH KOEXA, it crumbles to dust.
Magic quickly surges around you.
It was a scroll of vulnerability.
The scorpion barely misses you. You block the acid dragon's attack.
The acid dragon claws you.
You die...

#.######.#### .. #..
.# #.......>.... ?
..!#.#.#.#####.#######
#.
.#..#.#..............
...
...#.#####.#########
.... ..#.............#
. ...#.#...#)..#####.#
#...#ol#.#.#.###
#?Ds@.#...#
#...#.D#.#..## .
...#l#.#..# ...r
..#.#.## ... ...#...#
#. .#..#.(.# !
r.$#.#...# .. #..#.#.#
#.#.#


You could see 2 acid dragons, a scorpion (weak-willed), 2 iguanas, an orc
(weak-willed) and 2 quokkas.

Vanquished Creatures
  2 scorpions (D:5)
  A howler monkey (D:4)
  A hound (D:4)
  Robin (D:4)
  7 adders
  A worm (D:3)
  A dart slug (D:4)
  7 orcs (D:4)
  11 endoplasms
  2 giant cockroaches
  20 goblins
  5 hobgoblins
  5 jackals
  4 quokkas
  13 ball pythons
  9 bats
  5 frilled lizards
  10 kobolds
  3 rats
108 creatures vanquished.

Notes
Turn   | Place    | Note
-------+----------+-------------------------------------------
     0 | D:1      | Flugslaktarn the Octopode Fighter began the quest for the
                  | Orb.
     0 | D:1      | Reached XP level 1. HP: 16/16 MP: 1/1
   239 | D:1      | Reached XP level 2. HP: 18/21 MP: 2/2
   423 | D:1      | Found Nefad's Weapon Emporium.
   463 | D:1      | Found a faded altar of an unknown god.
   542 | D:1      | Reached XP level 3. HP: 24/26 MP: 3/3
  1408 | D:3      | Found Cuilariu's Weapon Emporium.
  1416 | D:3      | Reached XP level 4. HP: 31/31 MP: 4/4
  1546 | D:3      | Found Senettux's Assorted Antiques.
  1563 | D:3      | Bought a lumpy inky potion for 28 gold pieces
  1563 | D:3      | Bought an inky potion for 28 gold pieces
  1563 | D:3      | Bought a scroll labelled AROGHAA UWAA for 32 gold pieces
  1563 | D:3      | Bought a scroll labelled ULITSU EZEH for 32 gold pieces
  1563 | D:3      | Bought a scroll labelled VUECWU MICI for 32 gold pieces
  1563 | D:3      | Bought a scroll labelled AROGHAA UWAA for 32 gold pieces
  1672 | D:3      | Found Ydwit's Antique Weapon Emporium.
  1963 | D:3      | Found a hide-covered altar of Uskayaw.
  2099 | D:4      | Reached XP level 5. HP: 36/36 MP: 5/5
  2119 | D:4      | Found a bloodstained altar of Trog.
  2207 | D:4      | Found a transporter.
  2212 | D:4      | Noticed jazmu's ghost (amateur DsHs)
  2295 | D:4      | Found a snail-covered altar of Cheibriados.
  2313 | D:4      | Found an ancient bone altar of Kikubaaqudgha.
  2360 | D:4      | Found a glowing silver altar of Zin.
  2549 | D:4      | Noticed Robin
  2556 | D:4      | Reached XP level 6. HP: 29/43 MP: 4/6
  2558 | D:4      | Killed Robin
  2843 | D:4      | Found a transporter.
  2873 | D:4      | Found a shimmering altar of Xom.
  2905 | D:4      | Found a stormy altar of Qazlal.
  3013 | D:4      | Found a sparkling altar of Nemelex Xobeh.
  3167 | D:5      | Entered Level 5 of the Dungeon
  3275 | D:5      | Noticed an acid dragon
  3275 | D:5      | Noticed an acid dragon
  3281 | D:5      | Slain by an acid dragon

Illustrated notes

Levels and vault maps discovered:
D:1:      evilmike_arrival_crescent, layout_loops_corners,
          hellmonk_ecumenical_altar_crossroads, serial_shops,
          nicolae_shop_bloodbath_and_beyond
D:2:      layout_basic
D:3:      layout_rooms, overflow_temple_1_default, serial_shops,
          nicolae_lakefront_shop, shop, shop
D:4:      kennysheep_goblin_castle, layout_loops_ring, lemuel_doored_altar,
          overflow_temple_1_default, nemelex_dance_club_becter,
          mainiacjoe_overflow_catch_the_wave, mainiacjoe_overflow_two_lobes,
          gammafunk_ghost_mausoleum
D:5:      cheibrodos_fzero, layout_basic, beargit_hepliaklqana_dungeon_heroes

Skill      XL: |  1  2  3  4  5  6 |
---------------+-------------------+-----
Axes           | 3 4 |  4.6
Fighting       | 4 |  4.2
Dodging        | 4 |  4.1
Shields        | 4 |  4.1

Action                     |  1- 3 |  4- 6 || total
---------------------------+-------+-------++-------
  Melee: War axe           |    68 |   102 ||   170
         Constrict         |    11 |    30 ||    41
         Tentacles         |     6 |    18 ||    24
         Punch             |       |     2 ||     2
    Use: Scroll            |       |     7 ||     7
         Potion            |       |     4 ||     4
   Stab: Sleeping          |    10 |     7 ||    17
 Armour: Skin              |     6 |     7 ||    13
  Dodge: Dodged            |    47 |    73 ||   120
  Block: Buckler           |    13 |    32 ||    45

Table legend: (Time is in decaauts)
 A = Elapsed time spent in this place.
 B = Non-inter-level travel time spent in this place.
 C = Inter-level travel time spent in this place.
 D = Time resting spent in this place.
 E = Time spent auto-exploring this place.
 F = Levels seen in this place.
 G = Mean time per level.
                   A        B        C        D        E       F      G
               +--------+--------+--------+--------+--------+-----+--------+
         Total |   3344 |   3221 |    123 |    330 |   2222 |   5 |  668.8 |
       Dungeon |   3344 |   3221 |    123 |    330 |   2222 |   5 |  668.8 |
               +--------+--------+--------+--------+--------+-----+--------+

Top non-repeatable levels by time:
     D:4: 1145 daAuts
     D:1: 1015 daAuts
     D:3: 647 daAuts
     D:2: 418 daAuts
     D:5: 116 daAuts
